 Dungeon Crawl Stone Soup version 0.21.1-1-g345015f (webtiles) character file.

70 inmateoo the Cudgeler (level 4, -4/38 HPs)
             Began as a Minotaur Arcane Marksman on Mar 1, 2018.
             Slain by a river rat (5 damage)
             ... on level 3 of the Dungeon.
             The game lasted 00:05:29 (1666 turns).

inmateoo the Cudgeler (Minotaur Arcane Marksman)    Turns: 1666, Time: 00:05:29

Health: -4/38      AC: 11    Str: 16    XL:     4   Next: 3%
Magic:  4/4        EV:  7    Int: 10    God:
Gold:   129        SH:  0    Dex: 10    Spells: 4/5 levels left

rFire    . . .     SeeInvis .   q - -2 flail (curse)
rCold    . . .     Gourm    .   (no shield)
rNeg     . . .     Faith    .   b - +0 chain mail
rPois    .         Spirit   .   (helmet restricted)
rElec    .         Reflect  .   (no cloak)
rCorr    .         Harm     .   (no gloves)
MR       .....                  (no boots)
Stlth    ..........             (no amulet)
HPRegen  0.12/turn              j - +3 ring of protection
MPRegen  0.09/turn              (no ring)

@: no status effects
A: retaliatory headbutt, horns 2
a: no special abilities


You were on level 3 of the Dungeon.
You were hungry.

You visited 1 branch of the dungeon, and saw 3 of its levels.

You collected 129 gold pieces.

Inventory:

Hand Weapons
 a - a +0 hand crossbow
 h - a +1 whip
 q - a cursed -2 flail (weapon)
Missiles
 d - 20 bolts
Armour
 b - a +0 chain mail (worn)
Jewellery
 j - a +3 ring of protection (left hand)
 l - an uncursed ring of fire
Scrolls
 i - a scroll of enchant weapon
 m - 2 scrolls of teleportation
Potions
 e - a potion of might
 g - 2 potions of heal wounds
 k - a potion of mutation {unknown}
 n - a potion of curing
 o - 3 potions of haste {unknown}
Books
 c - a book of Debilitation

   Spells                             Type                      Level
   a - Corona                         Hexes                        1
   b - Slow                           Hexes                        2
   c - Inner Flame                    Hexes/Fire                   3
   d - Portal Projectile              Hexes/Translocation          3
   e - Cause Fear                     Hexes                        4
   f - Leda's Liquefaction            Hexes/Earth                  4
Comestibles
 f - 7 rations


   Skills:
 + Level 3.0 Fighting
 * Level 3.4 Maces & Flails
 - Level 2.1 Crossbows
 - Level 2.1 Dodging
 - Level 1.0 Spellcasting
 - Level 2.0 Hexes


You had 4 spell levels left.
You knew the following spells:

 Your Spells              Type           Power        Failure   Level  Hunger
a - Corona                Hex            #......      97%         1    ##.....


Dungeon Overview and Level Annotations

Branches:
Dungeon (3/15)

Altars:

Portals:
Sewer: D:3

Annotations:
D:2 Sigmund


Innate Abilities, Weirdness & Mutations

You reflexively headbutt those who attack you in melee.
You have a pair of horns on your head.


Message History

The river rat bites you!
* * * LOW HITPOINT WARNING * * *
You are too injured to fight recklessly!
You are feeling hungry.
You hit the river rat but do no damage.
The river rat is heavily wounded.
The river rat closely misses you.
Unknown command.
You closely miss the river rat.
The river rat is heavily wounded.
The river rat barely misses you.
You closely miss the river rat.
The river rat is heavily wounded.
The river rat bites you but does no damage.
You hit the river rat.
The river rat is almost dead.
The river rat bites you.
* * * LOW HITPOINT WARNING * * *
The river rat bites you.
You die...

********** *****
*****,,,,,,,,* *,,,,
*,,,,###,,,,### *,,,,
*,,,##≈######≈## *,,,,
*,,,#≈≈≈≈≈≈≈≈≈≈# #....
*,,,#≈≈≈####≈≈≈# #....
*,,,##≈##≈≈##≈##*****#....
*,,,,#≈#≈@≈≈#≈#,,,,,,+....
*,,,,#≈#≈r≈≈#≈#******#....
*,,,##≈##≈≈##≈##*#####....
*,,,#≈≈≈#≈≈#≈≈≈#,..##.....
*,,,#≈≈≈≈≈≈#≈≈≈###.##.....
*,,,##≈######†##.#.##.....
**+**####.###.##.#.##.....
*>,,,..............'.....
*****###.##.#.#.#.##.....


You could see a river rat.

Vanquished Creatures
  A worker ant (D:2)
  An ooze (D:1)
  A worm (D:3)
  3 leopard geckos (D:3)
  An orc (D:3)
  3 ball pythons
  3 bats
  2 giant cockroaches (D:3)
  6 goblins
  2 hobgoblins
  5 kobolds
  2 frilled lizards
  6 rats
36 creatures vanquished.

Notes
Turn   | Place    | Note
-------+----------+-------------------------------------------
     0 | D:1      | inmateoo the Minotaur Arcane Marksman began the quest for the Orb.
     0 | D:1      | Reached XP level 1. HP: 16/16 MP: 1/1
    76 | D:1      | Reached skill level 1 in Maces & Flails
    76 | D:1      | Reached XP level 2. HP: 16/24 MP: 2/2
   972 | D:2      | Reached XP level 3. HP: 19/30 MP: 3/3
  1185 | D:2      | Noticed Sigmund
  1627 | D:3      | Reached XP level 4. HP: 34/38 MP: 4/4
  1648 | D:3      | Found a glowing drain.
  1666 | D:3      | HP: 1/38 [river rat (5)]
  1666 | D:3      | Slain by a river rat

Skill      XL: |  1  2  3 |
---------------+----------+-----
Fighting       | 2 3 |  3.0
Maces & Flails | 1 3 |  3.4
Crossbows      | |  2.1
Dodging        | |  2.1
Spellcasting   | |  1.0
Hexes          | |  2.0

Action                   |  1- 3 |  4- 6 || total
-------------------------+-------+-------++-------
Melee: Club              |    27 |       ||    27
       Whip              |    43 |       ||    43
       Headbutt          |    12 |       ||    12
       Flail             |    31 |    13 ||    44
 Fire: Hand crossbow     |     5 |       ||     5
  Use: Scroll            |     4 |       ||     4
       Potion            |     3 |       ||     3
  Eat: Chunk             |     2 |       ||     2
Armor: Robe              |     1 |       ||     1
       Chain mail        |    46 |     7 ||    53
       Leather armour    |     6 |       ||     6
       Ring mail         |     3 |       ||     3
Dodge: Dodged            |    51 |     5 ||    56
